Map: Golden Wall LE

Players

redbusman

  • Race: Terran Terran
  • League: Bronze
  • Spawn Location: 5:00

telegeniic - Winner!

  • Race: Terran Terran
  • League: Silver
  • Spawn Location: 7:00

VOD

Have the link to the VOD?

Description

Time

  • Played on: July 18, 2020, 6:11 p.m.
  • Length: 14:28
Show
View Real Time Build Order
Export as new Build Order

redbusman Terran 

Build Orders: Mech 

Get SALT Encoding   

  12  0:01  SCV  
  13  0:13  SCV  
  14  0:19  Supply Depot  
  14  0:27  SCV  
  15  0:36  Refinery  
  15  0:40  SCV  
  16  0:46  Barracks  
  16  0:59  Supply Depot  
  16  1:03  SCV  
  17  1:15  SCV  
  18  1:27  SCV  
  19  1:41  Command Center  
  19  1:43  Marine  
  20  1:53  Orbital Command  
  20  2:08  Barracks Reactor  
  20  2:20  Supply Depot  
  20  2:23  SCV  
  21  2:35  SCV  
  22  2:47  SCV  
  22  2:48  Marine x2  
  25  2:59  SCV  
  25  3:06  Marine x2  
  25  3:11  SCV  
  27  3:22  Orbital Command  
  27  3:24  Marine x2  
  29  3:34  SCV  
  30  3:42  Factory, Marine x2  
  30  3:46  SCV  
  30  3:48  SCV  
  34  3:58  SCV  
  34  4:00  Marine x2, SCV  
  38  4:04  Engineering Bay  
  38  4:10  SCV  
  38  4:12  Refinery, SCV  
  40  4:17  Marine  
  40  4:22  SCV  
  42  4:24  SCV  
  43  4:34  SCV  
  43  4:35  Starport  
  43  4:36  SCV  
  43  4:38  Factory Tech Lab  
  45  4:45  Missile Turret  
  45  4:47  SCV  
  45  4:48  SCV  
  45  4:51  Missile Turret  
  47  5:01  SCV, Barracks  
  47  5:03  Engineering Bay  
  48  5:14  Barracks  
  48  5:17  Starport Tech Lab  
  48  5:27  Marine x2  
  50  5:33  Supply Depot  
  50  5:35  Supply Depot  
  50  5:38  Supply Depot x2  
  50  5:42  Refinery  
  50  5:44  Marine  
  50  5:45  Marine  
  52  5:55  Siege Tank  
  55  6:02  Marine x2  
  57  6:07  Barracks  
  57  6:16  Armory  
  57  6:20  Marine  
  58  6:27  Siege Tank  
  61  6:45  Refinery  
  61  6:55  Factory  
  61  6:59  Siege Tank  
  64  7:06  Factory  
  64  7:07  Hi-Sec Auto Tracking  
  64  7:24  Armory  
  64  7:39  Factory Tech Lab  
  64  7:42  Command Center  
  64  7:53  Factory Tech Lab  
  64  8:04  Neosteel Armor  
  64  8:06  Terran Vehicle Weapons Level 1  
  64  8:13  Terran Vehicle And Ship Armor Level 1  
  64  8:16  Thor  
  70  8:24  SCV  
  71  8:36  SCV  
  72  8:48  SCV  
  73  9:00  SCV  
  74  9:03  Refinery, Planetary Fortress  
  74  9:12  SCV  
  75  9:29  Missile Turret  
  75  9:30  Missile Turret  
  75  9:31  Refinery  
  75  9:36  Thor x3  
  93  10:19  Thor  
  99  10:22  Command Center  
  99  10:23  Factory, Command Center  
  99  10:30  Supply Depot  
  99  10:31  Supply Depot  
  99  10:32  Supply Depot  
  99  10:33  Supply Depot  
  99  10:40  Thor  
  105  10:52  Thor  
  105  10:56  Terran Vehicle And Ship Armor Level 2  
  111  10:58  Terran Vehicle Weapons Level 2  
  111  11:08  Missile Turret  
  111  11:10  Missile Turret  
  111  11:14  Missile Turret  
  111  11:16  Missile Turret  
  111  11:40  Supply Depot  
  111  11:46  Supply Depot  
  111  11:47  Supply Depot  
  111  11:50  Supply Depot  
  111  11:52  Supply Depot  
  111  11:57  Factory Tech Lab  
  111  12:10  Supply Depot, Factory Tech Lab  
  111  12:15  Supply Depot  
  111  12:19  Supply Depot  
  111  12:20  Planetary Fortress  
  111  12:25  Refinery, Planetary Fortress  
  110  12:30  Refinery  
  109  12:44  Missile Turret  
  107  12:46  Missile Turret  
  48  13:00  Thor x3  
  58  13:07  Marine x4  
  61  13:18  SCV  
  58  13:24  Marine  
  58  13:25  Marine x3  
  54  13:28  SCV  
  54  13:30  SCV  
  53  13:40  SCV  
  47  13:42  SCV  
  47  13:43  Thor  
  47  13:44  Siege Tank  
  63  13:52  SCV  
Show
View Real Time Build Order
Export as new Build Order

telegeniic Terran - Winner!

Build Orders: Reaper Expand 

Get SALT Encoding   

  12  0:02  SCV  
  13  0:15  SCV  
  13  0:19  Supply Depot  
  14  0:27  SCV  
  15  0:42  Barracks  
  15  0:43  SCV  
  15  0:49  Refinery  
  16  0:56  SCV  
  17  1:08  SCV  
  18  1:22  SCV  
  19  1:34  SCV  
  19  1:36  Command Center  
  19  1:37  Reaper  
  21  1:46  SCV  
  22  1:56  Supply Depot  
  22  2:00  Refinery  
  22  2:01  SCV  
  23  2:24  Barracks Tech Lab  
  23  2:26  Orbital Command  
  23  3:17  SCV  
  24  3:22  Factory, SCV  
  25  3:29  SCV  
  26  3:35  SCV  
  26  3:38  Engineering Bay  
  27  3:41  SCV  
  27  3:44  Marine  
  27  3:45  Command Center  
  27  3:46  Combat Shield  
  27  3:47  SCV  
  30  3:59  SCV  
  30  4:02  Marine, SCV  
  33  4:08  Refinery  
  33  4:14  SCV  
  33  4:16  Factory Tech Lab  
  34  4:17  Starport  
  34  4:20  Marine  
  34  4:21  Terran Infantry Weapons Level 1  
  34  4:22  Engineering Bay  
  35  4:28  Armory  
  35  4:36  Siege Tank  
  35  4:37  Marine  
  39  4:46  Barracks  
  39  4:48  Orbital Command  
  39  4:53  SCV  
  39  4:58  Starport Tech Lab  
  40  5:04  Supply Depot, Terran Infantry Armor Level 1  
  40  5:05  SCV  
  41  5:12  Supply Depot  
  41  5:16  Stimpack  
  41  5:17  SCV  
  42  5:26  Marauder  
  44  5:29  SCV  
  44  5:30  Viking  
  47  5:37  Orbital Command  
  47  5:41  SCV  
  48  5:46  SCV  
  48  5:47  Marauder  
  51  5:53  SCV  
  52  5:58  SCV  
  53  6:05  SCV  
  53  6:07  Supply Depot  
  53  6:09  Marauder, Supply Depot  
  56  6:16  SCV x2  
  56  6:17  SCV  
  59  6:22  Terran Infantry Weapons Level 2  
  59  6:24  Barracks Reactor  
  59  6:28  SCV  
  60  6:35  Siege Tank  
  60  6:36  Viking  
  65  6:43  Refinery  
  65  6:53  Supply Depot, Barracks  
  65  6:56  SCV x3  
  68  7:05  Refinery  
  68  7:08  SCV x2  
  68  7:09  SCV  
  71  7:16  Siege Tank  
  71  7:19  Marauder  
  71  7:20  Marine x2, SCV x2  
  71  7:21  SCV  
  81  7:31  Supply Depot  
  81  7:37  Marine x2, Medivac  
  83  7:40  Marauder, SCV  
  88  7:47  SCV x2  
  88  7:48  Siege Tank  
  93  7:52  SCV  
  93  7:55  Marine x2  
  96  7:59  SCV x2  
  96  8:01  Marauder  
  96  8:04  SCV  
  101  8:06  Barracks  
  101  8:07  Medivac  
  101  8:11  SCV  
  101  8:12  SCV  
  105  8:13  Marine x2  
  105  8:16  Barracks Tech Lab, SCV  
  105  8:18  Terran Infantry Armor Level 2  
  108  8:22  Terran Vehicle Weapons Level 1  
  108  8:23  SCV  
  109  8:30  Supply Depot  
  109  8:37  Marauder, SCV x3, Medivac  
  116  8:49  SCV  
  116  8:50  Concussive Shells  
  116  8:52  Marauder  
  119  8:57  Refinery  
  119  9:07  Medivac  
  121  9:14  Marauder  
  123  9:20  Supply Depot  
  123  9:21  Supply Depot, Barracks Reactor  
  123  9:24  Marine  
  123  9:25  Marine  
  123  9:30  Command Center  
  125  9:36  Terran Infantry Weapons Level 3  
  125  9:42  Marauder x2, Marine x2  
  131  9:46  Supply Depot  
  131  9:49  Supply Depot  
  131  9:51  Supply Depot  
  131  9:52  Supply Depot  
  131  10:00  Marine x4  
  131  10:03  Marauder x2  
  139  10:09  Raven  
  141  10:15  Supply Depot  
  141  10:16  Supply Depot  
  141  10:18  Marine x4  
  141  10:19  Supply Depot  
  141  10:21  Supply Depot  
  145  10:25  Marauder x2  
  149  10:35  Marine  
  149  10:36  Marine x3  
  153  10:46  Marauder x2  
  157  10:52  Raven  
  157  10:53  Marine x2  
  157  10:54  Marine x2  
  163  11:07  Marauder x2  
  167  11:11  Marine x4  
  167  11:14  Thor  
  177  11:22  Corvid Reactor  
  177  11:26  Smart Servos  
  177  11:29  Marauder x2, Marine x4  
  177  11:30  Terran Vehicle Weapons Level 2  
  185  11:39  Supply Depot  
  185  11:40  Supply Depot  
  185  11:47  Marine x4  
  185  11:50  Marauder x2  
  185  11:53  Refinery, Missile Turret  
  193  11:57  Thor, Missile Turret  
  107  13:03  Marauder, Marine x2  
  108  13:21  Marine x2  
  108  13:24  Marauder  
  112  13:36  Marauder  
  112  13:39  Marine x2  
  112  13:40  Marine  
  112  13:41  Marine  
  117  13:45  Marauder  
  119  13:56  Marine  
  119  13:57  Marauder, Marine  
  119  13:58  Marine x2  
Tags
 
Composition
Mech
Matchup
TvT
Race
Terran
Spawn Locations
Close Positions
Add a new tag
Caveats
  • Supply blocks, unpowered buildings, or Contaminate may cause inaccurate times.
  • Supply counts are checked every 10 seconds.